Map: Golden Wall LE

Players

Atheh

  • Race: Zerg Zerg
  • League: Diamond
  • Spawn Location: 7:00

Massa - Winner!

  • Race: Terran Terran
  • League: Gold
  • Spawn Location: 5:00

VOD

Have the link to the VOD?

Description

Time

  • Played on: Sept. 1, 2020, 1 p.m.
  • Length: 3:13
Show
View Real Time Build Order
Export as new Build Order

Atheh Zerg 

Build Orders: Hatch First 

Get SALT Encoding   

  12  0:03  Drone  
  13  0:17  Overlord  
  13  0:28  Drone  
  14  0:39  Drone  
  14  0:40  Drone x2  
  17  0:57  Hatchery  
  16  1:13  Extractor  
  16  1:16  Spawning Pool  
  16  1:17  Drone x2  
  16  1:19  Drone  
  17  1:42  Drone x2  
  19  2:02  Drone x2  
  19  2:08  Hatchery  
  20  2:18  Zergling x2  
  20  2:19  Zergling x2  
  22  2:34  Spore Crawler  
  21  2:51  Drone x3  
  21  2:52  Drone x3  
Show
View Real Time Build Order
Export as new Build Order

Massa Terran - Winner!

Build Orders: Gas First Reaper Expand 

Get SALT Encoding   

  12  0:00  SCV  
  13  0:12  SCV  
  14  0:20  Supply Depot  
  14  0:24  SCV  
  15  0:31  Refinery  
  15  0:42  SCV  
  16  0:45  Barracks  
  16  0:54  SCV  
  17  1:06  SCV  
  18  1:18  SCV  
  19  1:32  Reaper  
  20  1:33  Orbital Command  
  20  1:45  Command Center  
  20  2:03  Factory  
  20  2:06  SCV  
  21  2:11  Marine  
  22  2:18  SCV  
  23  2:57  Factory Reactor  
  23  2:58  Barracks Tech Lab  
  23  3:00  SCV  
  24  3:08  Barracks  
Tags
 
Add a new tag
Caveats
  • Supply blocks, unpowered buildings, or Contaminate may cause inaccurate times.
  • Supply counts are checked every 10 seconds.